TOP OF THE 1ST |
Beaumont Crossbeaus batting - Pitching for Bethlehem Angel Kitties : RHP Roberto Ordóñez
|
Pitching: RHP Roberto Ordóñez
|
|
Batting: LHB Kombayn Khanli
|
0-0: Ball 1-0: Called Strike 1-1: Ball 2-1: Swinging Strike 2-2: Ball 3-2: Fly out, F7 (Flyball, 7LM, EV 91.9 MPH)
|
Batting: LHB José Roseta
|
0-0: Called Strike 0-1: Hit by Pitch
|
Pinch Runner at 1st William Vader:
|
|
Batting: SHB Nathan Dooley
|
0-0: Ball 1-0: Swinging Strike 1-1: Ball 2-1: Fly out, F8 (Line Drive, 8LM, EV 87.5 MPH)
|
Batting: RHB Félix Morán
|
0-0: Ball 1-0: Swinging Strike 1-1: Fly out, F8 (Flyball, 8RM, EV 86.9 MPH)
|
Top of the 1st over - 0 runs, 0 hits, 0 errors, 1 left on base; Beaumont 0 - Bethlehem 0 |
BOTTOM OF THE 1ST |
Bethlehem Angel Kitties batting - Pitching for Beaumont Crossbeaus : RHP Nam-shik Yi
|
Pitching: RHP Nam-shik Yi
|
|
Now in LF: Jesús Guzmán
|
|
Now in CF: Nathan Dooley
|
|
Batting: RHB Ron Roberts
|
0-0: Foul Ball, location: 2F 0-1: Swinging Strike 0-2: Fly out, F9 (Flyball, 9D, EV 96.9 MPH)
|
Batting: RHB Tsuneyo Hirata
|
0-0: Swinging Strike 0-1: Called Strike 0-2: Strikes out swinging
|
Batting: RHB Phil Smith
|
0-0: Ball 1-0: Ball 2-0: Swinging Strike 2-1: SINGLE (Groundball, 4, EV 96.2 MPH)
|
Batting: RHB Shane Tate
|
0-0: Ball 1-0: Ball 2-0: Called Strike 2-1: Called Strike 2-2: Ball 3-2: Foul Ball, location: 2F 3-2: Base on Balls Phil Smith to second
|
Batting: SHB Junior Hurtado
|
0-0: SINGLE (Line Drive, 56, EV 110.6 MPH) Phil Smith to third Shane Tate to second
|
Batting: RHB José González
|
0-0: Ground out U3 (Groundball, 34, EV 81.2 MPH)
|
Bottom of the 1st over - 0 runs, 2 hits, 0 errors, 3 left on base; Beaumont 0 - Bethlehem 0 |
TOP OF THE 2ND |
Beaumont Crossbeaus batting - Pitching for Bethlehem Angel Kitties : RHP Roberto Ordóñez
|
Batting: RHB Artie Jackson
|
0-0: Swinging Strike 0-1: SOLO HOME RUN (Line Drive, 7LD, EV 100.0 MPH), Distance : 382 ft
|
Batting: RHB Gilberto Rodríguez
|
0-0: Ball 1-0: Foul Ball, location: 2F 1-1: Called Strike 1-2: Ball 2-2: Ball 3-2: Strikes out swinging
|
Batting: LHB Calvin Groenendijk
|
0-0: Ground out U3 (Groundball, 3, EV 95.0 MPH)
|
Batting: RHB Yuan Thean
|
0-0: Ball 1-0: Swinging Strike 1-1: Ball 2-1: Called Strike 2-2: Foul Ball, location: 2F 2-2: Ball 3-2: Strikes out swinging
|
Top of the 2nd over - 1 run, 1 hit, 0 errors, 0 left on base; Beaumont 1 - Bethlehem 0 |
BOTTOM OF THE 2ND |
Bethlehem Angel Kitties batting - Pitching for Beaumont Crossbeaus : RHP Nam-shik Yi
|
Batting: RHB Jonas van Claveren, Jr.
|
0-0: Fly out, F6 (Line Drive, 6, EV 70.6 MPH)
|
Batting: RHB Dermott Hewitt
|
0-0: Called Strike 0-1: Fly out, F9 (Flyball, 9D, EV 105.0 MPH)
|
Batting: RHB Jay Dixon
|
0-0: Ball 1-0: Foul Ball, location: 2F 1-1: Ball 2-1: Ground out 5-3 (Groundball, 5, EV 86.2 MPH)
|
Bottom of the 2nd over - 0 runs, 0 hits, 0 errors, 0 left on base; Beaumont 1 - Bethlehem 0 |
TOP OF THE 3RD |
Beaumont Crossbeaus batting - Pitching for Bethlehem Angel Kitties : RHP Roberto Ordóñez
|
Batting: SHB Tom Richmond
|
0-0: Ball 1-0: Ball 2-0: Ball 3-0: Base on Balls
|
Batting: LHB Kombayn Khanli
|
0-0: Ball 1-0: Foul Ball, location: 2F 1-1: Ball 2-1: Fielders Choice at 2nd, 3-6 (Groundball, 34, EV 105.6 MPH)
|
Batting: RHB Jesús Guzmán
|
0-0: Foul Ball, location: 2F 0-1: Swinging Strike 0-2: Strikes out swinging
|
Batting: SHB Nathan Dooley
|
0-0: Ball 1-0: Called Strike 1-1: Foul Ball, location: 2F 1-2: Foul Ball, location: 2F 1-2: Foul Ball, location: 2F 1-2: Strikes out swinging
|
Top of the 3rd over - 0 runs, 0 hits, 0 errors, 1 left on base; Beaumont 1 - Bethlehem 0 |
BOTTOM OF THE 3RD |
Bethlehem Angel Kitties batting - Pitching for Beaumont Crossbeaus : RHP Nam-shik Yi
|
Batting: RHB Ron Roberts
|
0-0: Fly out, F8 (Flyball, 8RD, EV 97.5 MPH)
|
Batting: RHB Tsuneyo Hirata
|
0-0: Swinging Strike 0-1: Ball 1-1: Swinging Strike 1-2: Strikes out swinging
|
Batting: RHB Phil Smith
|
0-0: Called Strike 0-1: DOUBLE (Flyball, 9LM, EV 100.0 MPH)
|
Batting: RHB Shane Tate
|
0-0: Ball 1-0: Ground out 5-3 (Groundball, 5L, EV 78.8 MPH)
|
Bottom of the 3rd over - 0 runs, 1 hit, 0 errors, 1 left on base; Beaumont 1 - Bethlehem 0 |
TOP OF THE 4TH |
Beaumont Crossbeaus batting - Pitching for Bethlehem Angel Kitties : RHP Roberto Ordóñez
|
Batting: RHB Félix Morán
|
0-0: Ball 1-0: Ball 2-0: Ball 3-0: Base on Balls
|
Batting: RHB Artie Jackson
|
0-0: Ball 1-0: Called Strike 1-1: Called Strike 1-2: Strikes out looking
|
Batting: RHB Gilberto Rodríguez
|
0-0: Ball 1-0: Fly out, F7 (Flyball, 7LS, EV 78.8 MPH)
|
Batting: LHB Calvin Groenendijk
|
0-0: Ball 1-0: Ball 2-0: Swinging Strike 2-1: Foul Ball, location: 2F 2-2: Strikes out swinging
|
Top of the 4th over - 0 runs, 0 hits, 0 errors, 1 left on base; Beaumont 1 - Bethlehem 0 |
BOTTOM OF THE 4TH |
Bethlehem Angel Kitties batting - Pitching for Beaumont Crossbeaus : RHP Nam-shik Yi
|
Batting: SHB Junior Hurtado
|
0-0: Ball 1-0: Foul Ball, location: 2F 1-1: Ball 2-1: SINGLE (Groundball, 4M, EV 107.5 MPH) (infield hit)
|
Batting: RHB José González
|
0-0: Ball 1-0: Swinging Strike 1-1: Called Strike 1-2: Ball 2-2: Ball 3-2: Base on Balls Junior Hurtado to second
|
Batting: RHB Jonas van Claveren, Jr.
|
0-0: Called Strike 0-1: Fly out, F9 (Flyball, 89D, EV 79.4 MPH) Runner from 2nd tags up, SAFE at 3rd with throw by RF
|
Batting: RHB Dermott Hewitt
|
0-0: Fly out, F9 (Flyball, 89S, EV 75.6 MPH)
|
Batting: RHB Jay Dixon
|
0-0: 3-RUN HOME RUN (Flyball, 7D, EV 101.2 MPH), Distance : 379 ft
|
Batting: RHB Ron Roberts
|
0-0: Ground out 6-3 (Groundball, 6, EV 78.8 MPH)
|
Bottom of the 4th over - 3 runs, 2 hits, 0 errors, 0 left on base; Beaumont 1 - Bethlehem 3 |
TOP OF THE 5TH |
Beaumont Crossbeaus batting - Pitching for Bethlehem Angel Kitties : RHP Roberto Ordóñez
|
Batting: RHB Yuan Thean
|
0-0: Ball 1-0: Ground out U3 (Groundball, 34S, EV 69.4 MPH)
|
Batting: SHB Tom Richmond
|
0-0: Fly out, F7 (Line Drive, 7LS, EV 105.0 MPH)
|
Batting: LHB Kombayn Khanli
|
0-0: Ball 1-0: Ball 2-0: Foul Ball, location: 2F 2-1: Ball 3-1: Called Strike 3-2: DOUBLE (Line Drive, 3D, EV 105.6 MPH)
|
Pinch Runner at 2nd Randy Stokes:
|
|
Batting: RHB Jesús Guzmán
|
0-0: Ball 1-0: Ground out 5-3 (Groundball, 5S, EV 70.6 MPH)
|
Top of the 5th over - 0 runs, 1 hit, 0 errors, 1 left on base; Beaumont 1 - Bethlehem 3 |
BOTTOM OF THE 5TH |
Bethlehem Angel Kitties batting - Pitching for Beaumont Crossbeaus : RHP Nam-shik Yi
|
Now at 1B: Randy Stokes
|
|
Batting: RHB Tsuneyo Hirata
|
0-0: Called Strike 0-1: Swinging Strike 0-2: Ground out 1-3 (Groundball, 34S, EV 74.4 MPH)
|
Batting: RHB Phil Smith
|
0-0: Fly out, F7 (Flyball, 78XD, EV 97.5 MPH)
|
Batting: RHB Shane Tate
|
0-0: Ball 1-0: Called Strike 1-1: Called Strike 1-2: Foul Ball, location: 2F 1-2: Strikes out swinging
|
Bottom of the 5th over - 0 runs, 0 hits, 0 errors, 0 left on base; Beaumont 1 - Bethlehem 3 |
TOP OF THE 6TH |
Beaumont Crossbeaus batting - Pitching for Bethlehem Angel Kitties : RHP Roberto Ordóñez
|
Batting: SHB Nathan Dooley
|
0-0: Called Strike 0-1: Ball 1-1: Ball 2-1: Foul Ball, location: 2F 2-2: Strikes out swinging
|
Batting: RHB Félix Morán
|
0-0: Called Strike 0-1: Ball 1-1: SINGLE (Groundball, 6M, EV 109.4 MPH) (infield hit)
|
Batting: RHB Artie Jackson
|
0-0: Ball Félix Morán steals 2nd base 1-0: Swinging Strike 1-1: Ball 2-1: Swinging Strike 2-2: Foul Ball, location: 2F 2-2: Foul Ball, location: 2F 2-2: Strikes out swinging
|
Batting: RHB Gilberto Rodríguez
|
0-0: Ball 1-0: Ball 2-0: Called Strike 2-1: Foul Ball, location: 2F 2-2: Ball 3-2: Foul Ball, location: 2F 3-2: Base on Balls
|
Batting: LHB Calvin Groenendijk
|
0-0: Swinging Strike 0-1: Foul Ball, location: 2F 0-2: Strikes out swinging
|
Top of the 6th over - 0 runs, 1 hit, 0 errors, 2 left on base; Beaumont 1 - Bethlehem 3 |
BOTTOM OF THE 6TH |
Bethlehem Angel Kitties batting - Pitching for Beaumont Crossbeaus : RHP Nam-shik Yi
|
Batting: SHB Junior Hurtado
|
0-0: Ball 1-0: Called Strike 1-1: Fly out, F8 (Flyball, 78M, EV 81.9 MPH)
|
Batting: RHB José González
|
0-0: Called Strike 0-1: Fly out, F8 (Flyball, 8LD, EV 88.1 MPH)
|
Batting: RHB Jonas van Claveren, Jr.
|
0-0: Ball 1-0: Called Strike 1-1: Foul Ball, location: 2F 1-2: Ball 2-2: Foul Ball, location: 2F 2-2: Ball 3-2: Base on Balls
|
Batting: RHB Dermott Hewitt
|
0-0: Foul Ball, location: 2F 0-1: Foul Ball, location: 2F 0-2: Strikes out looking
|
Bottom of the 6th over - 0 runs, 0 hits, 0 errors, 1 left on base; Beaumont 1 - Bethlehem 3 |
TOP OF THE 7TH |
Beaumont Crossbeaus batting - Pitching for Bethlehem Angel Kitties : RHP Roberto Ordóñez
|
Pitching: RHP Guillermo Contreras
|
|
Pinch Hitting: RHB Dwight Voermans
|
0-0: Foul Ball, location: 2F 0-1: Ball 1-1: Ball 2-1: Ball 3-1: Base on Balls
|
Batting: SHB Tom Richmond
|
0-0: Ball 1-0: Sac Bunt to 13 - play at first, batter OUT! 1-3 Dwight Voermans to second
|
Batting: SHB Randy Stokes
|
0-0: Foul Ball, location: 2F 0-1: Foul Ball, location: 2F 0-2: Ball 1-2: Ball 2-2: Foul Ball, location: 2F 2-2: Ball 3-2: Fly out, F9 (Flyball, 9D, EV 110.6 MPH) Runner from 2nd tags up, SAFE at 3rd, no throw by RF
|
Pinch Hitting: RHB Hidetada Hasegawa
|
0-0: Ball 1-0: Ball 2-0: Ball 3-0: Base on Balls
|
Batting: SHB Nathan Dooley
|
0-0: Called Strike 0-1: Ball 1-1: Called Strike 1-2: SINGLE (Line Drive, 34D, EV 101.9 MPH) Dwight Voermans scores Hidetada Hasegawa to second
|
Batting: RHB Félix Morán
|
0-0: Ball 1-0: Ball 2-0: Foul Ball, location: 2F 2-1: Ball 3-1: Foul Ball, location: 2F 3-2: Base on Balls Hidetada Hasegawa to third Nathan Dooley to second
|
Batting: RHB Montes Averlino
|
0-0: Ball 1-0: Foul Ball, location: 2F 1-1: SINGLE (Flyball, 8LS, EV 90.0 MPH) Hidetada Hasegawa scores Nathan Dooley to third Félix Morán to second Runner from 3rd tries for Home, SAFE, throw by CF to home
|
Pitching: RHP Fabian Calkhoven
|
|
Batting: RHB Gilberto Rodríguez
|
0-0: Swinging Strike 0-1: Foul Ball, location: 2F 0-2: Strikes out swinging
|
Top of the 7th over - 3 runs, 2 hits, 0 errors, 2 left on base; Beaumont 4 - Bethlehem 3 |
BOTTOM OF THE 7TH |
Bethlehem Angel Kitties batting - Pitching for Beaumont Crossbeaus : RHP Nam-shik Yi
|
Now at 1B: Dwight Voermans
|
|
Now at SS: Cliff Kelly
|
|
Now in LF: Randy Stokes
|
|
Batting: RHB Jay Dixon
|
0-0: Called Strike 0-1: Foul Ball, location: 2F 0-2: Strikes out looking
|
Batting: RHB Ron Roberts
|
0-0: Called Strike 0-1: Ball 1-1: Ground out 6-3 (Groundball, 6, EV 98.8 MPH)
|
Batting: RHB Tsuneyo Hirata
|
0-0: Foul Ball, location: 2F 0-1: Ball 1-1: Foul Ball, location: 2F 1-2: Strikes out swinging
|
Bottom of the 7th over - 0 runs, 0 hits, 0 errors, 0 left on base; Beaumont 4 - Bethlehem 3 |
TOP OF THE 8TH |
Beaumont Crossbeaus batting - Pitching for Bethlehem Angel Kitties : RHP Fabian Calkhoven
|
Batting: LHB Calvin Groenendijk
|
0-0: Swinging Strike 0-1: Ball 1-1: Foul Ball, location: 2F 1-2: Hit by Pitch
|
Batting: RHB Dwight Voermans
|
0-0: Ball 1-0: Sac Bunt to 3S - play at first, batter OUT! 3-4 Calvin Groenendijk to second
|
Batting: SHB Tom Richmond
|
0-0: Ball 1-0: Called Strike 1-1: Swinging Strike 1-2: Foul Ball, location: 2F 1-2: Ball 2-2: Strikes out looking
|
Batting: SHB Randy Stokes
|
0-0: Intentional Walk
|
Batting: RHB Cliff Kelly
|
0-0: Called Strike 0-1: Ball 1-1: Ball 2-1: Foul Ball, location: 2F 2-2: Fly out, F3 (Popup, 34S, EV 67.5 MPH)
|
Top of the 8th over - 0 runs, 0 hits, 0 errors, 2 left on base; Beaumont 4 - Bethlehem 3 |
BOTTOM OF THE 8TH |
Bethlehem Angel Kitties batting - Pitching for Beaumont Crossbeaus : RHP Nam-shik Yi
|
Batting: RHB Phil Smith
|
0-0: Called Strike 0-1: Foul Ball, location: 2F 0-2: SINGLE (Groundball, 6, EV 103.1 MPH)
|
Pinch Hitting: SHB Nick Childress
|
0-0: Ball 1-0: Foul Ball, location: 2F 1-1: Ball 2-1: Fielders Choice at 2nd, 4-6 (Groundball, 4M, EV 102.5 MPH)
|
Batting: SHB Junior Hurtado
|
0-0: Ball 1-0: SINGLE (Groundball, 6M, EV 83.8 MPH) (infield hit) Nick Childress to second
|
Batting: RHB José González
|
0-0: Ball 1-0: Called Strike 1-1: Ball 2-1: Foul Ball, location: 2F 2-2: Strikes out swinging
|
Pinch Hitting: RHB Juan Medina
|
0-0: Called Strike 0-1: Ball 1-1: Ball 2-1: Swinging Strike 2-2: Ball 3-2: Base on Balls Nick Childress to third Junior Hurtado to second
|
Pitching: RHP Ignacio Ramos
|
|
Pinch Hitting: SHB Tanner Charles
|
0-0: Ball 1-0: Called Strike 1-1: SINGLE (Groundball, 34D, EV 99.4 MPH) Nick Childress scores Junior Hurtado to third Juan Medina to second Runner from 3rd tries for Home, SAFE, throw by RF to home
|
Batting: RHB Jay Dixon
|
0-0: Called Strike 0-1: Called Strike 0-2: Foul Ball, location: 2F 0-2: Foul Ball, location: 2F 0-2: Ball 1-2: Ball 2-2: Foul Ball, location: 2F 2-2: Ball 3-2: Strikes out looking
|
Bottom of the 8th over - 2 runs, 3 hits, 0 errors, 2 left on base; Beaumont 4 - Bethlehem 5 |
TOP OF THE 9TH |
Beaumont Crossbeaus batting - Pitching for Bethlehem Angel Kitties : RHP Fabian Calkhoven
|
Pitching: RHP Svatopluk Vejvoda
|
|
Now at 1B: Tom Bolitho
|
|
Now at 3B: Juan Medina
|
|
Now at SS: Phil Smith
|
|
Now in LF: Rodrigo Muñóz
|
|
Now in RF: Kane Aston
|
|
Batting: SHB Nathan Dooley
|
0-0: Ground out 4-3 (Groundball, 4, EV 92.5 MPH)
|
Batting: RHB Félix Morán
|
0-0: Ball 1-0: Swinging Strike 1-1: Ball 2-1: Fly out, F6 (Line Drive, 6, EV 74.4 MPH)
|
Batting: RHB Montes Averlino
|
0-0: Ball 1-0: Ball 2-0: Ball 3-0: Base on Balls
|
Pinch Hitting: RHB Charles Drunk
|
0-0: Ball 1-0: Ball 2-0: Called Strike 2-1: Called Strike 2-2: Strikes out swinging
|
Top of the 9th over - 0 runs, 0 hits, 0 errors, 1 left on base; Beaumont 4 - Bethlehem 5 |
|